Unix NetHack Version 3.7.0-102 Work-in-progress - last build Apr 7 2024 00:22:53 (d302a6a9ff6341f1a922d8f5af178406b35fdf99,branch:master). Game began 2024-04-20 23:56:48, ended 2024-04-21 00:26:04. Ted, neutral male gnomish Wizard --- -------.| |.`.%.a.-- |..--as@.---- ....-|.......|--- ....#. |.......|..--- |..... . |............-- --+-- .----...........| .| |...........|--- ..+ |..---.|..----.---- ..- -..| ----.|.|.<...--- .. ..-- |...........| .. ... --..........| .-----. --.........| . |. --.......-- .. |. ----.|.-- .. |. ---- .. |.| --- --- Ted the Thaumaturge St:11 Dx:15 Co:13 In:18 Wi:10 Ch:9 Neutral S:2251 Dlvl:6 $:9 HP:0(39) Pw:57(57) AC:9 Xp:6/489 T:1223 Latest messages: The fire ant bites! The fire ant bites again! You're on fire! The fire ant bites! The fire ant bites again! You're on fire! What do you want to write with? [- acdmp-rw or ?*] ? You scribble on the floor with a magic marker (0:14). What do you want to scribble on the floor here? Elbereth The fire ant turns to flee. The fire ant turns to flee. The soldier ant turns to flee. The rothe turns to flee. The soldier ant turns to flee. The fire ant turns to flee. The soldier ant turns to flee. The fire ant turns to flee. The orc mummy turns to flee. The soldier ant turns to flee. The orc mummy turns to flee. You hear crashing rock. The fire ant turns to flee. The rothe turns to flee. You hear someone cursing shoplifters. The soldier ant turns to flee. The fire ant turns to flee. The orc mummy turns to flee. You hear bubbling water. The soldier ant turns to flee. You hear crashing rock. The Staff of Aesculapius draws the life from the rothe! You kill the rothe! You see here a rothe corpse. The cave spider bites! The cave spider bites! The soldier ant bites! The soldier ant stings! The soldier ant's sting was poisoned! The poison doesn't seem to affect you. The Staff of Aesculapius draws the life from the cave spider! You kill the cave spider! The cave spider bites! The soldier ant bites! The soldier ant stings! The cave spider bites! The cave spider bites! The soldier ant bites! The soldier ant stings! You die... Do you want your possessions identified? [ynq] (y) q Inventory: Coins $ - 9 gold pieces Weapons p - a +0 orcish dagger a - a blessed +1 quarterstaff w - the blessed greased fireproof +2 Staff of Aesculapius (weapon in hands) Armor b - an uncursed +0 cloak of magic resistance (being worn) Scrolls v - an uncursed scroll of confuse monster h - an uncursed scroll of enchant armor t - 2 blessed scrolls of remove curse Spellbooks l - an uncursed spellbook of detect food k - a blessed spellbook of force bolt Potions o - an uncursed potion of levitation f - a potion of holy water g - 2 uncursed potions of water u - a potion of unholy water Rings d - an uncursed ring of poison resistance r - an uncursed ring of warning Wands c - a wand of undead turning (0:4) Tools n - an uncursed blindfold x - a crystal ball (0:4) m - a magic marker (0:9) y - an uncursed stethoscope z - 2 uncursed partly used tallow candles (lit) q - an uncursed towel Ted the Wizard's attributes: Background: You were a Thaumaturge, a level 6 male gnomish Wizard. You were neutral, on a mission for Thoth who was opposed by Ptah (lawful) and Anhur (chaotic). You were right-handed. You were in the Gnomish Mines, on level 6. You entered the dungeon 1223 turns ago. It was the midnight hour. You had 489 experience points, 151 more were needed to attain level 7. Your score was 2251 before end-of-game adjustments. Basics: You had 0 out of 39 hit points. You had all 57 energy points (spell power). Your armor class was 9. Your wallet contained 9 zorkmids. Autopickup was on for '$"=/!?' plus thrown. Final Characteristics: Your strength was 11 (limit:18/50). Your dexterity was 15 (limit:18). Your constitution was 13 (limit:18). Your intelligence was 18 (limit:19). Your wisdom was 10 (limit:18). Your charisma was 9 (limit:18). Final Status: You weren't hungry. You were unencumbered. You were wielding a quarterstaff. You had basic skill with quarterstaff. Final Attributes: You were devoutly aligned. You were magic-protected. You were poison resistant. You were level-drain resistant. You saw invisible. You had infravision. You regenerated. You were warded. You are dead. Miscellaneous: You never encountered a bones level. Total elapsed playing time was 29 minutes and 14 seconds. Major events: Turn 1: Ted the neutral male gnomish Wizard entered the dungeon 142: attained the rank of Conjurer (level 3) 406: made his first wish - "blessed greased fixed +2 staff of aesculapius", got "a greased quarterstaff named the Staff of Aesculapius" 575: entered the Gnomish Mines 874: attained the rank of Thaumaturge (level 6) 1166: reached Mine Town 1223: killed by a soldier ant Vanquished creatures: a water demon 2 water moccasins 2 water nymphs a ghoul a giant ant a kobold leader 8 rothes a giant bat a wererat 2 iguanas 8 killer bees 4 hobbits 2 giant rats 5 cave spiders a yellow mold a gecko 5 jackals 2 goblins 3 sewer rats a bat a lichen a kobold zombie 2 newts 56 creatures vanquished. No species were genocided or became extinct. Voluntary challenges: You read items or engraved 3 times. You engraved Elbereth 2 times. You never had a pet. You never genocided any monsters. You never polymorphed an object. You never changed form. You used 1 wish (for an artifact). Achievements: You attained the rank of Conjurer. You entered the Gnomish Mines. You attained the rank of Thaumaturge. You entered Minetown. The Dungeons of Doom: levels 1 to 2 Level 1: Level 2: Stairs down to The Gnomish Mines. The Gnomish Mines: levels 3 to 6 Level 3: Level 4: Level 5: Level 6: <- You were here. A tree. Final resting place for you, killed by a soldier ant. Game over: ---------- / \ / REST \ / IN \ / PEACE \ / \ | Ted | | 9 Au | | killed by a | | soldier ant | | | | | | 2024 | *| * * * | * _________)/\\_//(\/(/\)/\//\/|_)_______ Goodbye Ted the Wizard... You died in The Gnomish Mines on dungeon level 6 with 2251 points, and 9 pieces of gold, after 1223 moves. You were level 6 with a maximum of 39 hit points when you died.